 Dungeon Crawl Stone Soup version 0.29-a0-1016-g236c7fd91e (webtiles) character file.

Game seed: 9868720058516788916

365 porpoise the Trooper (level 6, 0/56 HPs)
             Began as a Draconian Transmuter on Aug 10, 2022.
             Was an Initiate of Hepliaklqana.
             Slain by a lemure (1 damage)
             ... led by Pikel
             ... on level 4 of the Dungeon.
             The game lasted 00:18:10 (4962 turns).

porpoise the Trooper (Draconian Transmuter)         Turns: 4962, Time: 00:18:13

Health: 0/56       AC:  8    Str: 13    XL:     6   Next: 40%
Magic:  7/9        EV: 12    Int: 13    God:    Hepliaklqana [......]
Gold:   290        SH:  0    Dex: 13    Spells: 2/9 levels left

rFire   . . .      SeeInvis .   a - +0 trident
rCold   . . .      Faith    .   (no shield)
rNeg    . . .      Spirit   .   (body armour unavailable)
rPois   +          Reflect  .   (helmet currently unavailable)
rElec   .          Harm     .   (no cloak)
rCorr   .          Rampage  .   i - +1 pair of gloves
Will    .....                   (boots currently unavailable)
Stlth   +.........              (no amulet)
HPRegen 0.18/turn               r - ring of poison resistance
MPRegen 0.11/turn               (no ring)

@: appendages (expiring), weak-willed, wereblooded, slowed, very slow
A: horns 2, talons 2, AC +6, unfitting armour, cold-blooded
a: End Transformation, Renounce Religion


You were on level 4 of the Dungeon.
You worshipped Hepliaklqana.
Hepliaklqana was noncommittal.
You had temporarily grown beastly horns and talons.
You visited 2 branches of the dungeon, and saw 5 of its levels.

You collected 290 gold pieces.

Inventory:

Hand Weapons
 a - a +0 trident (weapon)
 b - a +0 sling
 k - a +0 short sword
 w - a +1 dagger of venom
Missiles
 g - 3 poisoned darts
 n - 4 javelins
Armour
 i - a +1 pair of gloves (worn)
Magical Staves
 p - a staff of conjuration
Jewellery
 r - a ring of poison resistance (left hand)
Wands
 f - a wand of paralysis (6)
Scrolls
 c - a scroll of amnesia {unknown}
 d - a scroll of silence
 e - a scroll of fog {unknown}
 m - a scroll of teleportation {unknown}
 q - a scroll of identify
 t - a scroll of noise {unknown}
Potions
 h - 4 potions of curing
 j - 3 potions of lignification
 l - a potion of brilliance
 o - 2 potions of resistance


   Skills:
 + Level 5.1 Fighting
 - Level 1.7 Dodging
 - Level 3.0 Unarmed Combat
 + Level 2.0 Spellcasting
 + Level 5.0 Transmutations


You had 2 spell levels left.
You knew the following spells:

 Your Spells              Type           Power      Damage    Failure   Level
a - Beastly Appendage     Tmut           28%        N/A       3%          1
c - Ice Form              Ice/Tmut       7%         N/A       65%         4
w - Wereblood             Tmut           14%        N/A       4%          2

Your spell library contained the following spells:

 Spells                   Type           Power      Damage    Failure   Level
 Apportation              Tloc           2%         N/A       26%         1
 Spider Form              Tmut/Pois      7%         N/A       26%         3
 Call Canine Familiar     Summ           1%         N/A       58%         3
 Stone Arrow              Conj/Erth      2%         3d7       58%         3
 Spellforged Servitor     Conj/Summ      0%         N/A       100%        7
 Lehudib's Crystal Spear  Conj/Erth      0%         10d2      100%        8
 Animate Armour           Summ/Erth      Unusable   N/A       N/A         4

Dungeon Overview and Level Annotations

Branches:
Dungeon (4/15)             Temple (1/1) D:4

Altars:
Ashenzari
Cheibriados
Dithmenos
Fedhas
Hepliaklqana
Kikubaaqudgha
Makhleb
Nemelex Xobeh
Okawaru
Sif Muna
Trog
Uskayaw
Vehumet
Wu Jian
Xom
The Shining One

Shops:
D:3 =((

Annotations:
D:4 Pikel


Innate Abilities, Weirdness & Mutations

You have temporarily grown beastly horns and talons.
Your plain brown scales are hard. (AC +6)
You cannot fit into any form of body armour.
You are cold-blooded and may be slowed by cold attacks.


Message History

You hear a shout!
Pikel hits you with a +2 whip of freezing!
You feel yourself slow down. Pikel freezes you.
Pikel hits you with a +2 whip of freezing.
You feel as though you will be slow longer.
Pikel freezes you.
A lemure comes into view.
You hear a shout!
The lemure shouts!
You hit Pikel but do no damage. Your kick misses Pikel.
Pikel hits you with a +2 whip of freezing.
Pikel freezes you.
You closely miss Pikel. Your kick misses Pikel. You headbutt Pikel.
Pikel is lightly wounded.
Pikel misses you.
A lemure comes into view. x2
Pikel hits you but does no damage.
You hit Pikel. You tail-slap Pikel, but do no damage.
Pikel is lightly wounded.
You howl as the wereblood boils in your veins!
Your transformation is almost over.
You feel yourself speed up.
Pikel hits you with a +2 whip of freezing!
Pikel freezes you. Pikel closely misses you.
You hit Pikel but do no damage.
Pikel is lightly wounded.
Pikel hits you with a +2 whip of freezing.
* * * LOW HITPOINT WARNING * * *
You feel yourself slow down. Pikel freezes you.
* * * LOW HITPOINT WARNING * * *
Pikel hits you but does no damage. The lemure barely misses you.
The lemure hits you.
* * * LOW HITPOINT WARNING * * *
As you read the scroll labelled ORIK HURORHE, it crumbles to dust.
Magic quickly surges around you.
It was a scroll of vulnerability.
Pikel hits you with a +2 whip of freezing.
* * * LOW HITPOINT WARNING * * *
Pikel freezes you.
* * * LOW HITPOINT WARNING * * *
The lemure hits you.
You die...

.......................#
.......................#
..............#........###
..............#..........######
.......#....#.#.#......#.##....
##....#.....###.....#....#....
##......#...#.5.#..##.#....##
[....#..5K.#....#.##...##
##.@5#####...##...##
#.....#.......#...##
#...#...#.......#..##
<....###.............## .....#
#.#..##.....#..## ####.
#................ #
#..#.######...... .......
#...... #.#..... #......


You could see Pikel (weak-willed) and 3 lemures.

Vanquished Creatures
  An ogre (D:4)
  A lemure (D:4)
  A scorpion (D:4)
  Jessica (D:3)
  An orc wizard (D:3)
  Robin (D:2)
  6 adders
  An ufetubus (D:4)
  A worm (D:2)
  3 dart slugs
  4 orcs (D:3)
  5 bats
  9 endoplasms
  2 giant cockroaches (D:1)
  13 goblins
  13 hobgoblins
  6 jackals
  4 quokkas
  3 ball pythons
  A frilled lizard (D:1)
  4 kobolds
  9 rats
90 creatures vanquished.

Notes
Turn   | Place    | Note
-------+----------+-------------------------------------------
     0 | D:1      | porpoise the Draconian Transmuter began the quest for the
                  | Orb.
     0 | D:1      | Reached XP level 1. HP: 16/16 MP: 3/3
   212 | D:1      | Found a faded altar of an unknown god.
   581 | D:1      | Reached XP level 2. HP: 20/24 MP: 3/5
   585 | D:1      | Learned a level 2 spell: Wereblood
  1249 | D:1      | Reached XP level 3. HP: 30/30 MP: 2/6
  2139 | D:2      | Reached XP level 4. HP: 29/38 MP: 5/7
  2278 | D:2      | Noticed Robin
  2296 | D:2      | Killed Robin
  2649 | D:3      | Learned a level 4 spell: Ice Form
  2670 | D:3      | Found Duibidup's Weapon Shoppe.
  2734 | D:3      | Found Amykosus's Antique Weapon Shop.
  2886 | D:3      | Found Weqofysa's Jewellery Emporium.
  2904 | D:3      | Found an ancient bone altar of Kikubaaqudgha.
  2904 | D:3      | Found a shimmering blue altar of Sif Muna.
  2906 | D:3      | Found a radiant altar of Vehumet.
  2911 | D:3      | Got Sif Muna's Lessons on Elsewhere
  2923 | D:3      | Found a broken altar of Ashenzari.
  2945 | D:3      | Reached XP level 5. HP: 46/46 MP: 6/8
  2977 | D:3      | Noticed Jessica
  2985 | D:3      | Killed Jessica
  3202 | D:3      | Got Sif Muna's Octavo of Leadership
  4209 | D:4      | Reached XP level 6. HP: 47/53 MP: 9/9
  4323 | D:4      | Reached skill level 5 in Fighting
  4323 | D:4      | Reached skill level 5 in Transmutations
  4559 | D:4      | Found a glowing golden altar of the Shining One.
  4745 | D:4      | Found a staircase to the Ecumenical Temple.
  4752 | Temple   | Entered the Ecumenical Temple
  4927 | Temple   | Became a worshipper of Hepliaklqana the Forgotten
  4953 | D:4      | Noticed Pikel
  4962 | D:4      | HP: 1/56 [Pikel/+2 whip of freezing (3)]
  4962 | D:4      | Slain by a lemure

Illustrated notes

Levels and vault maps discovered:
D:1:      wander_arrival_chamber, layout_loops_corners, basic_ecumenical_altar
D:2:      layout_basic, uniq_robin
D:3:      layout_basic, grunt_temple_overflow_magic_moments,
          nicolae_overflow_crystal_walls, serial_shops, shop, shop,
          nicolae_shop_advertising_works [nicolae_subvault_shop_adworks],
          dreamdust_wishing_well, hex_tiny, uniq_jessica
D:4:      layout_rooms, mainiacjoe_overflow_chevrons,
          minmay_temple_entry_arrows, abandoned_shop, uniq_pikel
Temple:   bh_familiar_temple

Skill      XL: |  1  2  3  4  5  6 |
---------------+-------------------+-----
Fighting       | 2 3 4 5 |  5.1
Transmutations | 3 4 5 |  5.0
Dodging        | |  1.7
Unarmed Combat | |  3.0
Spellcasting   | |  2.0

Action                   |  1- 3 |  4- 6 || total
-------------------------+-------+-------++-------
Melee: Short sword       |    96 |    30 ||   126
       Kick              |    28 |    34 ||    62
       Tailslap          |    13 |    11 ||    24
       Unarmed           |     1 |       ||     1
       Headbutt          |    18 |    22 ||    40
       Trident           |       |   110 ||   110
       Punch             |       |     2 ||     2
 Fire: Sling             |     4 |    13 ||    17
 Cast: Beastly Appendage |    27 |    20 ||    47
       Wereblood         |     1 |     3 ||     4
  Use: Scroll            |       |     5 ||     5
 Stab: Sleeping          |     3 |       ||     3
Armor: Skin              |    28 |    49 ||    77
Dodge: Dodged            |    49 |    80 ||   129

Table legend: (Time is in decaauts)
 A = Elapsed time spent in this place.
 B = Non-inter-level travel time spent in this place.
 C = Inter-level travel time spent in this place.
 D = Time resting spent in this place.
 E = Time spent auto-exploring this place.
 F = Levels seen in this place.
 G = Mean time per level.
                   A        B        C        D        E       F      G
               +--------+--------+--------+--------+--------+-----+--------+
         Total |   5015 |   4863 |    152 |   2023 |   1995 |   5 | 1003.0 |
       Dungeon |   4814 |   4709 |    105 |   2023 |   1847 |   4 | 1203.5 |
        Temple |    200 |    153 |     47 |      0 |    148 |   1 |  200.0 |
               +--------+--------+--------+--------+--------+-----+--------+

Top non-repeatable levels by time:
     D:1: 1439 daAuts
     D:2: 1222 daAuts
     D:4: 1221 daAuts
     D:3: 931 daAuts
  Temple: 200 daAuts
